[Event "46th GRE-chT Premier 2018"]
[Site "Rio Achaia"]
[Date "2018.07.11"]
[Round "2"]
[White "Magklaras, Panagiotis"]
[Black "Trapalis, Theodoros"]
[Result "0-1"]
[ECO "C13"]
[WhiteElo "1131"]
[BlackElo "1386"]
[Annotator "NA"]
[PlyCount "182"]
[EventDate "2018.07.10"]
[EventType "team-tourn"]
[EventCountry "GRE"]
[SourceTitle "playchess.com"]
[Source "ChessBase"]
[SourceQuality "1"]
[TimeControl "40/5400+30:1800+30"]

1. e4 e6 2. d4 d5 3. Nc3 Nf6 4. Bg5 Be7 5. e5 Nfd7 6. h4 h6 7. Bxe7 Qxe7 8. Qg4 O-O 9. a3 f6 10. f4 a6 11. Bd3 c5 12. Qg6 f5 13. Nf3 Qf7 14. Qg3 Nc6 15. Qf2 c4 16. Be2 b5 17. b3 Bb7 18. O-O Rac8 19. Rfc1 Ne7 20. b4 Nc6 21. a4 bxa4 22. b5 Na7 23. bxa6 Bxa6 24. Rxa4 Rc6 25. Rca1 Nb8 26. Nd1 Nb5 27. c3 Rfc8 28. Rb4 Rb6 29. Nb2 Rb7 30. Qe1 Qe7 31. Kh1 Rc6 32. Bd1 Qd8 33. Ba4 Rcb6 34. Bxb5 Rxb5 35. Rxb5 Rxb5 36. Na4 Nd7 37. Qc1 Ra5 38. Nb2 Bb5 39. Rxa5 Qxa5 40. Nd1 Nb6 41. Qb2 Ba4 42. Qa3 Qb5 43. Nb2 Qb3 44. Qxb3 Bxb3 45. Kh2 Na8 46. Ng1 Nc7 47. Ne2 Nb5 48. Kg1 Bc2 49. Kf2 Kf7 50. h5 g6 51. hxg6+ Kxg6 52. Kf3 Kh5 53. g3 Na3 54. Nc1 Nb1 55. Ne2 Nd2+ 56. Ke3 Ne4 57. Kf3 Nd2+ 58. Ke3 Nb1 59. Kf3 Be4+ 60. Ke3 Kg4 61. Kf2 Bf3 62. Ng1 Be4 63. Ne2 h5 64. Nd1 Kh3 65. Ng1+ Kh2 66. Ne2 Nd2 67. Ne3 Bd3 68. Nc1 Ne4+ 69. Kf3 Nxg3 70. Nxd3 cxd3 71. c4 Ne2 72. cxd5 Nxd4+ 73. Kf2 exd5 74. Nxd5 d2 75. Ne3 h4 76. Nf1+ Kh3 77. Nxd2 Kg4 78. Nf3 Nxf3 79. e6 Nd2 80. e7 Ne4+ 81. Kg2 Nf6 82. Kh2 Kxf4 83. Kh3 Kg5 84. Kg2 f4 85. Kh3 f3 86. Kh2 Kg4 87. Kg1 h3 88. Kh2 f2 89. e8=Q Nxe8 90. Kh1 f1=Q+ 91. Kh2 Qg2# 0-1

[Event "46th GRE-chT Premier 2018"]
[Site "Rio Achaia"]
[Date "2018.07.11"]
[Round "2"]
[White "Nikolakopoulou, Eleni"]
[Black "Isari, Angeliki"]
[Result "1-0"]
[ECO "D58"]
[WhiteElo "1111"]
[BlackElo "1153"]
[Annotator "NA"]
[PlyCount "69"]
[EventDate "2018.07.10"]
[EventType "team-tourn"]
[EventCountry "GRE"]
[SourceTitle "playchess.com"]
[Source "ChessBase"]
[SourceQuality "1"]
[TimeControl "40/5400+30:1800+30"]

1. d4 d5 2. c4 e6 3. Nc3 Nf6 4. Bg5 Be7 5. e3 O-O 6. Nf3 h6 7. Bh4 b6 8. Be2 Bb7 9. O-O Nbd7 10. Rc1 c5 11. cxd5 Nxd5 12. Bg3 Rc8 13. Nxd5 Bxd5 14. a3 Nf6 15. Ba6 Ra8 16. dxc5 Bxc5 17. b4 Bd6 18. Ne5 Ne4 19. Nc6 Bxc6 20. Rxc6 Bxg3 21. hxg3 Qf6 22. Qc2 Qe5 23. f4 Qf5 24. Bd3 Qg6 25. Bxe4 f5 26. Bd5 Rf6 27. Rxe6 Rxe6 28. Bxa8 Rxe3 29. Bd5+ Kh7 30. Qc8 Qxg3 31. Qg8+ Kg6 32. Qf7+ Kh7 33. Qxf5+ Qg6 34. Bg8+ Kxg8 35. Qxg6 1-0

[Event "46th GRE-chT Premier 2018"]
[Site "Rio Achaia"]
[Date "2018.07.11"]
[Round "2"]
[White "Tafani, Kleinta"]
[Black "Gioutsou, Miranta"]
[Result "0-1"]
[ECO "A56"]
[WhiteElo "1102"]
[BlackElo "1467"]
[Annotator "NA"]
[PlyCount "80"]
[EventDate "2018.07.10"]
[EventType "team-tourn"]
[EventCountry "GRE"]
[SourceTitle "playchess.com"]
[Source "ChessBase"]
[SourceQuality "1"]
[TimeControl "40/5400+30:1800+30"]

1. d4 Nf6 2. c4 c5 3. Nf3 cxd4 4. Nxd4 e5 5. Nf3 Nc6 6. Nc3 Bc5 7. h3 h6 8. Nd5 Ne4 9. e3 Qa5+ 10. Bd2 Nxd2 11. Qxd2 Qxd2+ 12. Nxd2 O-O 13. a3 Ne7 14. Nc7 Rb8 15. b4 Bb6 16. Nd5 Nxd5 17. cxd5 f5 18. Nc4 Bd8 19. Rc1 Bf6 20. Be2 b6 21. O-O Bb7 22. Rfd1 e4 23. Rc2 Rfc8 24. b5 Rc5 25. a4 Bxd5 26. Rdc1 Rbc8 27. Na3 Rxc2 28. Rxc2 Rxc2 29. Nxc2 Bb3 30. Nd4 Bxd4 31. exd4 Bxa4 32. Kh2 Kf7 33. Kg3 g5 34. h4 Ke6 35. Bc4+ Kf6 36. h5 f4+ 37. Kg4 Bd1+ 38. Kh3 e3 39. fxe3 fxe3 40. Kg3 Bxh5 0-1

[Event "46th GRE-chT Premier 2018"]
[Site "Rio Achaia"]
[Date "2018.07.11"]
[Round "2"]
[White "Bichaki, Ourania"]
[Black "Kalyva, Kyriaki"]
[Result "0-1"]
[ECO "B23"]
[WhiteElo "1099"]
[BlackElo "1734"]
[Annotator "NA"]
[PlyCount "62"]
[EventDate "2018.07.10"]
[EventType "team-tourn"]
[EventCountry "GRE"]
[SourceTitle "playchess.com"]
[Source "ChessBase"]
[SourceQuality "1"]
[TimeControl "40/5400+30:1800+30"]

1. e4 c5 2. Nc3 Nc6 3. f4 g6 4. Nf3 Bg7 5. Bc4 d6 6. d3 Nd4 7. Ng5 e6 8. O-O h6 9. Nf3 Ne7 10. Ne2 Nec6 11. Nexd4 Nxd4 12. c3 Nc6 13. Be3 O-O 14. d4 cxd4 15. Nxd4 d5 16. exd5 exd5 17. Bb3 Re8 18. Qf3 h5 19. h3 Nxd4 20. Bxd4 Bxd4+ 21. cxd4 Re4 22. Rad1 Bf5 23. Rfe1 Rxe1+ 24. Rxe1 Be4 25. Qf2 Rc8 26. Qd2 Qd6 27. Rc1 Rc6 28. g3 h4 29. Rc3 hxg3 30. Rxg3 Qf6 31. Qf2 Rc1+ 0-1

[Event "46th GRE-chT Premier 2018"]
[Site "Rio Achaia"]
[Date "2018.07.11"]
[Round "2"]
[White "Makrigianni, Eleni Iokasti"]
[Black "Papanagiotou, Argyro"]
[Result "1/2-1/2"]
[ECO "D02"]
[WhiteElo "1035"]
[BlackElo "1037"]
[Annotator "NA"]
[PlyCount "73"]
[EventDate "2018.07.10"]
[EventType "team-tourn"]
[EventCountry "GRE"]
[SourceTitle "playchess.com"]
[Source "ChessBase"]
[SourceQuality "1"]
[TimeControl "40/5400+30:1800+30"]

1. d4 d5 2. Bf4 Nf6 3. Nf3 Bf5 4. e3 e6 5. Be2 Be7 6. h3 Ne4 7. O-O O-O 8. c4 c6 9. Nbd2 Nd7 10. Rc1 a6 11. Nxe4 Bxe4 12. a4 a5 13. cxd5 exd5 14. Nd2 Bg6 15. Bf3 Nf6 16. Re1 Re8 17. e4 Bb4 18. exd5 Rxe1+ 19. Qxe1 cxd5 20. Bg5 Qb6 21. Bxf6 Qxf6 22. Qe3 Rd8 23. Nb3 b6 24. Rc7 h6 25. Qc1 Bd6 26. Rc6 Bf4 27. Rxf6 Bxc1 28. Rxb6 Bxb2 29. Rb5 Bc2 30. Rxa5 Bxb3 31. Rb5 Bxd4 32. Rxb3 Be5 33. Rd3 d4 34. Be4 Rc8 35. Rd1 Rc7 36. g4 Rc3 37. Rd3 1/2-1/2

[Event "46th GRE-chT Premier 2018"]
[Site "Rio Achaia"]
[Date "2018.07.11"]
[Round "2"]
[White "Papanagiotou, Dimitrios"]
[Black "Tsotras, Ioannis"]
[Result "0-1"]
[ECO "C50"]
[WhiteElo "1031"]
[BlackElo "1586"]
[Annotator "NA"]
[PlyCount "100"]
[EventDate "2018.07.10"]
[EventType "team-tourn"]
[EventCountry "GRE"]
[SourceTitle "playchess.com"]
[Source "ChessBase"]
[SourceQuality "1"]
[TimeControl "40/5400+30:1800+30"]

1. e4 e5 2. Nf3 Nc6 3. Bc4 Bc5 4. Nc3 Nf6 5. d3 h6 6. Nd5 d6 7. Bd2 Nxd5 8. Bxd5 Ne7 9. Bc4 Ng6 10. Qe2 Qf6 11. Be3 Bg4 12. h3 Bxe3 13. Qxe3 Nf4 14. Rg1 Nxh3 15. gxh3 Bxf3 16. Rg3 Bh5 17. f3 g5 18. O-O-O Qe7 19. Rf1 a6 20. Qg1 b5 21. Bd5 Rb8 22. Bc6+ Kf8 23. Qg2 Rb6 24. Bd5 c6 25. Bb3 a5 26. a3 a4 27. Ba2 b4 28. Qg1 Rb7 29. axb4 Rxb4 30. Rf2 Qa7 31. c3 Rb7 32. Rfg2 Qxg1+ 33. Rxg1 Ke7 34. d4 f6 35. Rh1 Rhb8 36. Rh2 exd4 37. cxd4 Rb4 38. Rd2 Ra8 39. Rc2 Ra6 40. d5 c5 41. Bc4 a3 42. bxa3 Rxa3 43. Be2 Rbb3 44. h4 Bxf3 45. Rxf3 Rxf3 46. Bxf3 Rxf3 47. hxg5 fxg5 48. Rh2 Rf6 49. Kd2 g4 50. Ke2 g3 0-1

[Event "46th GRE-chT Premier 2018"]
[Site "Rio Achaia"]
[Date "2018.07.11"]
[Round "2"]
[White "Chasouraki, Chrysi"]
[Black "Batzoli, Maria"]
[Result "0-1"]
[ECO "B13"]
[WhiteElo "1026"]
[BlackElo "1312"]
[Annotator "NA"]
[PlyCount "86"]
[EventDate "2018.07.10"]
[EventType "team-tourn"]
[EventCountry "GRE"]
[SourceTitle "playchess.com"]
[Source "ChessBase"]
[SourceQuality "1"]
[TimeControl "40/5400+30:1800+30"]

1. e4 c6 2. d4 d5 3. exd5 cxd5 4. c4 Nf6 5. Nc3 Nc6 6. Nf3 Be6 7. b3 g6 8. h3 Bg7 9. Be3 O-O 10. Be2 Bf5 11. O-O Re8 12. Rc1 Rc8 13. Bd3 Bxd3 14. Qxd3 Nb4 15. Qe2 Nc6 16. Rfd1 e6 17. Bg5 Ne7 18. Ne5 h6 19. Bh4 g5 20. Bg3 Nf5 21. Bh2 dxc4 22. Nxc4 Bf8 23. Be5 Nd5 24. Ne4 Rc6 25. Qf3 b5 26. Na3 Rxc1 27. Rxc1 Bxa3 28. Rd1 Bd6 29. Nxd6 Nxd6 30. Qh5 Kf8 31. Bxd6+ Qxd6 32. Qxh6+ Ke7 33. Qxg5+ Kd7 34. h4 Qf4 35. Qg7 Qf6 36. Qg4 Rh8 37. g3 Qg6 38. Qh3 Qc2 39. Re1 Qxa2 40. g4 Qd2 41. Re4 Qc1+ 42. Kg2 Nf4+ 43. Rxf4 Qxf4 0-1